 Dungeon Crawl Stone Soup version 0.19.4 (webtiles) character file.

37 Dickchan the Skirmisher (level 3, 0/33 HPs)
             Began as a Ghoul Monk on Jan 31, 2017.
             Slain by a kobold (1 damage)
             ... on level 2 of the Dungeon.
             The game lasted 00:02:34 (1421 turns).

Dickchan the Skirmisher (Ghoul Monk)                Turns: 1421, Time: 00:02:34

Health: 0/33       AC:  4    Str: 15    XL:     3   Next: 41%
Magic:  2/2        EV: 13    Int:  5    God:
Gold:   78         SH:  0    Dex: 11    Spells: 0 memorised, 2 levels left

rFire  . . .     SeeInvis .     e - +1 dagger (elec)
rCold  + . .     Gourm    .     a - +0 robe
rNeg   + + +     Faith    .     (no shield)
rPois  ∞         Spirit   .     k - +1 helmet
rElec  .         Reflect  .     (no cloak)
rCorr  .         Harm     .     (no gloves)
MR     .....                    (no boots)
Stlth  +.........               (no amulet)
                                (no ring)
                                h - ring of positive energy

@: confused, rotting
A: rotting body, claws 1, carnivore 3, cold resistance 1, negative energy
resistance 3, slow regeneration 1, torment resistance, unbreathing
a: no special abilities


You were on level 2 of the Dungeon.
You were near starving.

You visited 1 branch of the dungeon, and saw 2 of its levels.

You collected 78 gold pieces.

Inventory:

Hand Weapons
 e - a +1 dagger of electrocution (weapon)
Armour
 a - a +0 robe (worn)
 k - a +1 helmet (worn)
Jewellery
 h - a ring of positive energy (left claw)
Scrolls
 d - a scroll of identify {unknown}
 f - a scroll of remove curse {unknown}
Potions
 c - a potion of resistance {unknown}
 i - 2 potions of brilliance {unknown}
 j - a potion of cure mutation {unknown}
 l - a potion of degeneration {unknown}
Comestibles
 b - a meat ration


   Skills:
 + Level 4.0 Fighting
 - Level 2.8 Dodging
 - Level 2.2 Stealth
 + Level 4.0 Unarmed Combat


You had 2 spell levels left.
You didn't know any spells.

Dungeon Overview and Level Annotations

Branches:
Dungeon (2/15)

Altars:

Annotations:
D:2 Sigmund


Innate Abilities, Weirdness & Mutations

Your body is rotting away.
You thrive on raw meat.
You are immune to poison.
You have sharp fingernails.
You are carnivorous and can eat meat at any time.
Your flesh is cold resistant. (rC+)
You are immune to negative energy. (rN+++)
You regenerate slowly when monsters are visible.
You are immune to unholy pain and torment.
You can survive without breathing.


Message History

h - a ring of positive energy (left claw)
You climb downwards.
Level annotation: Sigmund Sigmund casts a spell at you.
You are confused.
There is a stone staircase leading up here.
You are too confused!
Sigmund misses you.
You bump into the rock wall.
The kobold misses you.
You bump into the rock wall.
Sigmund casts a spell.
Sigmund flickers and vanishes!
The kobold completely misses you.
You bump into the rock wall.
Something hits you! Something burns you. The kobold closely misses you.
You bump into the rock wall.
Something hits you!
* * * LOW HITPOINT WARNING * * *
Something burns you.
* * * LOW HITPOINT WARNING * * *
The kobold hits you.
You die...

.....[....# #..(.. ...#<####.#
##@#### ...#.####.# ### #...#
.###......### ..# #...#
....#.......# #.# #...#
.†#.#.......# #.# #####...###
..#.#.......####.######..........
..#.#.........##<#.......K.......
#.#.#.......#.##@K{..##.......(..
....#.......#.##.###.######...###
#####.......#....# #.# #.÷.# #
############.###.# #.(.# #
##...## #.....# #...# #
####.....## ##.####### ##.## #
#.........## #......(####.# #
#..........###(.####......#
####.......(..............#######


You could see a kobold.

Vanquished Creatures
  2 leopard geckos
  4 bats
  7 goblins
  7 hobgoblins
  5 kobolds
  A ball python (D:1)
  3 frilled lizards
  3 rats
32 creatures vanquished.

Notes
Turn   | Place    | Note
-------+----------+-------------------------------------------
     0 | D:1      | Dickchan the Ghoul Monk began the quest for the Orb.
     0 | D:1      | Reached XP level 1. HP: 19/19 MP: 0/0
   336 | D:1      | Reached XP level 2. HP: 19/26 MP: 1/1
   959 | D:2      | Reached XP level 3. HP: 33/33 MP: 2/2
  1217 | D:2      | Noticed Sigmund
  1421 | D:2      | HP: 1/33 [something (3)]
  1421 | D:2      | Slain by a kobold

Skill      XL: |  1  2  3 |
---------------+----------+-----
Fighting       | 4 |  4.0
Unarmed Combat | 4 |  4.0
Dodging        | |  2.8
Stealth        | |  2.2

Action                   || total
-------------------------++-------
Melee: Unarmed           ||    14
       Dagger            ||    63
       Punch             ||     1
 Stab: Sleeping          ||     3
Armor: Robe              ||    13
Dodge: Dodged            ||    55
